 Dungeon Crawl Stone Soup version 0.28-a0-245-g639a1a48b9 (webtiles) character file.

Game seed: 7970947883475533397

273 Lochraine the Vexing (level 6, -6/49 HPs)
             Began as an Ogre Arcane Marksman on Aug 24, 2021.
             Mangled by a water moccasin (7 damage)
             ... on level 3 of the Dungeon.
             The game lasted 00:08:57 (5013 turns).

Lochraine the Vexing (Ogre Arcane Marksman)         Turns: 5013, Time: 00:08:58

Health: -6/49      AC:  5    Str: 14 (15) XL:     6   Next: 24%
Magic:  29/29      EV:  9    Int: 13 (16) God:
Gold:   112        SH:  0    Dex:  6 (9)  Spells: 5/11 levels left

rFire   . . .      SeeInvis .   u - +1 falchion (freeze)
rCold   . . .      Faith    .   (no shield)
rNeg    . . .      Spirit   .   a - +0 robe
rPois   .          Reflect  .   (helmet restricted)
rElec   .          Harm     .   (no cloak)
rCorr   .          Rampage  .   (gloves unavailable)
Will    .....                   (boots unavailable)
Stlth   +.........              (no amulet)
HPRegen 0.16/turn               g - ring of magical power
MPRegen 0.21/turn               k - ring of magical power

@: mighty, brilliant, lethally poisoned (-6 -> -13)
A: large, unfitting armour, tough skin 1, iridescent scales 1, frail 1
a: no special abilities


You were on level 3 of the Dungeon.
You visited 1 branch of the dungeon, and saw 4 of its levels.

You collected 112 gold pieces.

Inventory:

Hand Weapons
 d - a +0 whip
   (You took it off a gnoll on level 1 of the Dungeon)
 r - a +0 vorpal falchion
   (You found it on level 3 of the Dungeon)
 u - a +1 falchion of freezing (weapon)
   (You took it off an orc on level 3 of the Dungeon)
Missiles
 b - 9 large rocks (quivered)
 c - 2 throwing nets
 e - 34 sling bullets
 m - 67 stones
Armour
 a - a +0 robe (worn)
Jewellery
 g - a ring of magical power (left hand)
   (You found it on level 1 of the Dungeon)
 k - a ring of magical power (right hand)
   (You found it on level 1 of the Dungeon)
Scrolls
 i - a scroll of holy word
 j - a scroll of enchant weapon {unknown}
 l - a scroll of blinking {unknown}
 n - a scroll of fog {unknown}
 o - a scroll of teleportation {unknown}
 t - a scroll of vulnerability {unknown}
Potions
 q - 2 potions of flight
 s - a potion of degeneration {!q}


   Skills:
 - Level 1.3 Fighting
 - Level 1.5 Maces & Flails
 + Level 3.6 Throwing
 - Level 1.7 Dodging
 + Level 3.4 Spellcasting
 + Level 3.9 Hexes
 + Level 1.4 Translocations


You had 5 spell levels left.
You knew the following spells:

 Your Spells              Type           Power      Damage    Failure   Level
a - Corona                Hex            20%        N/A       4%          1
b - Slow                  Hex            18%        N/A       7%          2
c - Portal Projectile     Hex/Tloc       26%        N/A       22%         3

Your spell library contained the following spells:

 Spells                   Type           Power      Damage    Failure   Level
 Confusing Touch          Hex            18%        N/A       13%         3
 Inner Flame              Hex/Fire       10%        N/A       30%         3
 Gell's Gravitas          Tloc           4%         N/A       34%         3
 Teleport Other           Tloc           9%         N/A       34%         3
 Cause Fear               Hex            9%         N/A       41%         4
 Vampiric Draining        Necr           1%         2d6       54%         3
 Dispersal                Tloc           4%         N/A       100%        6
 Chain Lightning          Conj/Air       1%         3d2       100%        9
 Fire Storm               Conj/Fire      1%         8d1       100%        9


Dungeon Overview and Level Annotations

Branches:
Dungeon (4/15)
 Temple: D:4-7

Altars:


Innate Abilities, Weirdness & Mutations

You are too large for most types of armour.
You have tough skin. (AC +1)
You are partially covered in iridescent scales. (AC +2)
You are frail. (-10% HP)


Message History

There is an entrance to an ossuary on this level.
Hurry and find it before the portal is buried!
You hear the rapid hiss of a distant avalanche of sand.
The orc priest calls down the wrath of Beogh upon you.
Beogh smites you! The kobold hits you but does no damage.
There is a stone staircase leading up here.
You barely miss the kobold. The kobold hits you with a +0 dagger.
The orc priest mumbles some strange prayers to Beogh against you.
Beogh smites you!
* * * LOW HITPOINT WARNING * * *
The kobold barely misses you.
You riposte.
You closely miss the kobold. The water moccasin barely misses you.
The water moccasin bites you.
* * * LOW HITPOINT WARNING * * *
The kobold hits you with a +0 dagger.
* * * LOW HITPOINT WARNING * * *
You climb upwards.
There is a stone staircase leading down, spattered with blood here.
You aren't carrying any items that you can evoke.
Okay, then.
It was a potion of degeneration.
There was something very wrong with that liquid.
You feel weakened.
You feel dopey.
You feel clumsy. The water moccasin bites you.
* * * LOW HITPOINT WARNING * * *
The water moccasin bites you.
* * * LOW HITPOINT WARNING * * *
You are lethally poisoned!
The water moccasin poisons you!
It was a potion of might.
You feel very mighty all of a sudden.
* * * LOW HITPOINT WARNING * * *
You feel very sick. The water moccasin closely misses you.
* * * LOW HITPOINT WARNING * * *
You feel very sick. The water moccasin bites you.
* * * LOW HITPOINT WARNING * * *
It was a potion of brilliance.
You feel clever all of a sudden.
* * * LOW HITPOINT WARNING * * *
You feel sick. The water moccasin closely misses you.
You riposte.
You hit the water moccasin.
The water moccasin seems to slow down.
You freeze the water moccasin.
Okay, then.
As you read the scroll labelled KIYGGUX LOPE, it crumbles to dust.
You hear a loud clanging noise!
It was a scroll of noise.
* * * LOW HITPOINT WARNING * * *
You feel sick. The water moccasin bites you!
You die...

..........###....................
.).......###.............####....
..#..#####...............# #....
....## #....##..........####....
..#### ##...####......####.#.###.
#..).###..###.......#.# #.#.## #.
####......###.#.......# ##.#.# #.
#####............####.###.#.####.
................@# ##....####....
...............S####.....# #....
...[...........K>..#.....####....
...............#[.##.............
...................)..##....##.##
...................##.####.##..#
...............######.####....##
.............................##
.#^........##########.###....#


You could see a water moccasin (slow) and a kobold.

Vanquished Creatures
  A bullfrog (D:3)
  An orc priest (D:3)
  5 gnolls
  5 adders
  2 dart slugs (D:1)
  3 orcs (D:3)
  3 bats
  7 endoplasms
  6 giant cockroaches
  7 goblins
  11 hobgoblins
  5 jackals
  6 kobolds
  3 quokkas
  4 ball pythons
  5 frilled lizards
  5 rats
79 creatures vanquished.

Notes
Turn   | Place    | Note
-------+----------+-------------------------------------------
     0 | D:1      | Lochraine the Ogre Arcane Marksman began the quest for the
                  | Orb.
     0 | D:1      | Reached XP level 1. HP: 19/19 MP: 2/2
    23 | D:1      | Reached XP level 2. HP: 9/27 MP: 1/4
   859 | D:1      | Reached XP level 3. HP: 30/33 MP: 6/6
   956 | D:1      | Learned a level 2 spell: Slow
   965 | D:1      | Found a faded altar of an unknown god.
  1952 | D:1      | Gained mutation: You are frail. (-10% HP) [potion of
                  | mutation]
  1952 | D:1      | Gained mutation: You are partially covered in iridescent
                  | scales. (AC +2) [potion of mutation]
  1958 | D:1      | Reached skill level 1 in Maces & Flails
  2345 | D:2      | Reached XP level 4. HP: 36/36 MP: 7/7
  3000 | D:2      | Learned a level 3 spell: Portal Projectile
  3396 | D:3      | Reached XP level 5. HP: 41/43 MP: 9/9
  3524 | D:3      | Reached skill level 1 in Translocations
  3991 | D:3      | Reached XP level 6. HP: 31/49 MP: 10/10
  4812 | D:4      | Noticed a water moccasin
  5013 | D:3      | HP: 1/49 [poisoned by a water moccasin]
  5013 | D:3      | Mangled by a water moccasin

Illustrated notes

Levels and vault maps discovered:
D:1:      minmay_arrival_open_corners, layout_basic,
          hellmonk_ecumenical_altar_lost_god, minmay_misc_feat_iff
D:2:      layout_basic
D:3:      layout_rooms, serial_corexii_hall, corexii_hall_statues_s,
          corexii_hall_statues_l, minivault_24
D:4:      layout_loops_cross, kennysheep_mini, minmay_temple_entry_waves,
          nicolae_ossuary_entry_monument, nzn_random_ring,
          uniq_crazy_yiuf_cottage, uniq_grinder, uniq_pikel

Skill      XL: |  1  2  3  4  5 |
---------------+----------------+-----
Hexes          | 3 |  3.9
Spellcasting   | 2 3 |  3.4
Maces & Flails | 1 |  1.5
Throwing       | 3 |  3.6
Translocations | 1 |  1.4
Fighting       | |  1.3
Dodging        | |  1.7

Action                   |  1- 3 |  4- 6 || total
-------------------------+-------+-------++-------
Melee: Unarmed           |     6 |       ||     6
       Whip              |   102 |    84 ||   186
       Falchion          |       |    57 ||    57
Throw: Large rock        |     6 |    14 ||    20
       Throwing net      |     2 |       ||     2
 Cast: Corona            |    20 |    38 ||    58
  Use: Potion            |     2 |     3 ||     5
       Scroll            |     1 |     1 ||     2
 Stab: Sleeping          |     1 |       ||     1
Armor: Robe              |    40 |    75 ||   115
Dodge: Dodged            |    61 |   117 ||   178
       Rpst.: Falchion   |       |    19 ||    19

Table legend: (Time is in decaauts)
 A = Elapsed time spent in this place.
 B = Non-inter-level travel time spent in this place.
 C = Inter-level travel time spent in this place.
 D = Time resting spent in this place.
 E = Time spent auto-exploring this place.
 F = Levels seen in this place.
 G = Mean time per level.
                   A        B        C        D        E       F      G
               +--------+--------+--------+--------+--------+-----+--------+
         Total |   5060 |   4911 |    149 |    845 |   3189 |   4 | 1265.0 |
       Dungeon |   5060 |   4911 |    149 |    845 |   3189 |   4 | 1265.0 |
               +--------+--------+--------+--------+--------+-----+--------+

Top non-repeatable levels by time:
     D:1: 2238 daAuts
     D:3: 1498 daAuts
     D:2: 1315 daAuts
     D:4: 8 daAuts
